 Dungeon Crawl Stone Soup version 0.28-a0-1594-ga885d4b3d6 (webtiles) character file.

Game seed: 14026355006257941643

476 fragbeetle the Chopper (level 7, -1/59 HPs)
             Began as a Hill Orc Monk on Jan 20, 2022.
             Was a Priest of Qazlal.
             Slain by an orc wizard (2 damage)
             ... on level 7 of the Dungeon.
             The game lasted 00:11:18 (6323 turns).

fragbeetle the Chopper (Hill Orc Monk)              Turns: 6323, Time: 00:11:18

Health: -1/59      AC: 11    Str: 16    XL:     7   Next: 10%
Magic:  0/9        EV:  7    Int: 10    God:    Qazlal [***...]
Gold:   165        SH:  3    Dex: 13    Spells: 4/6 levels left

rFire   + . .      SeeInvis .   a - +0 hand axe
rCold   . . .      Faith    .   (no shield)
rNeg    . . .      Spirit   +   l - +1 chain mail {rF+}
rPois   .          Reflect  .   b - +0 helmet
rElec   .          Harm     .   m - +0 cloak
rCorr   .          Rampage  .   (no gloves)
Will    .....                   (no boots)
Stlth   ..........              j - amulet of guardian spirit
HPRegen 0.19/turn               (no ring)
MPRegen 0.11/turn               (no ring)

@: no status effects
A: no striking features
a: Renounce Religion, Convert to Beogh, Upheaval, Elemental Force


You were on level 7 of the Dungeon.
You worshipped Qazlal.
Qazlal was most pleased with you.
You visited 2 branches of the dungeon, and saw 7 of its levels.

You collected 165 gold pieces.

Inventory:

Hand Weapons
 a - a +0 hand axe (weapon)
 k - a +0 long sword of draining
 s - a +0 flail of venom
Missiles
 c - 107 stones
 f - 8 poisoned darts (quivered)
Armour
 b - a +0 helmet (worn)
 d - a +0 ring mail
 l - a +1 chain mail of fire resistance (worn)
 m - a +0 cloak (worn)
Jewellery
 j - an amulet of guardian spirit (around neck)
Wands
 o - a wand of paralysis (6)
 p - a wand of mindburst (23)
Scrolls
 h - 2 scrolls of identify
 q - a scroll of holy word
Potions
 e - 2 potions of degeneration
 i - 2 potions of attraction
 r - a potion of flight


   Skills:
 - Level 4.0 Fighting
 * Level 7.6 Axes
 - Level 3.0 Dodging
 - Level 2.0 Stealth
 + Level 2.5 Poison Magic
 + Level 3.6 Invocations


You had 4 spell levels left.
You knew the following spells:

 Your Spells              Type           Power      Damage    Failure   Level
a - Poisonous Vapours     Pois/Air       4%         N/A       100%        2

Your spell library contained the following spells:

 Spells                   Type           Power      Damage    Failure   Level
 Sting                    Tmut/Pois      8%         1d3       99%         1
 Corpse Rot               Necr/Air       0%         N/A       100%        2
 Ensorcelled Hibernation  Hex/Ice        0%         N/A       100%        2
 Passwall                 Tmut/Erth      0%         N/A       100%        2
 Confusing Touch          Hex            0%         N/A       100%        3
 Swiftness                Air            0%         N/A       100%        3
 Olgreb's Toxic Radiance  Pois           5%         N/A       100%        4
 Yara's Violent Unravell  Hex/Tmut       0%         3d3       100%        5
 Enfeeble                 Hex            0%         N/A       100%        7


Dungeon Overview and Level Annotations

Branches:
Dungeon (7/15)             Temple (1/1) D:4

Altars:
Ashenzari
Cheibriados
Dithmenos
Elyvilon
Fedhas
Gozag
Hepliaklqana
Kikubaaqudgha
Makhleb
Nemelex Xobeh
Okawaru
Qazlal
Ru
Sif Muna
Trog
Uskayaw
Vehumet
Wu Jian
Xom
Yredelemnul
Zin
The Shining One

Annotations:
D:3 1 runed translucent door, sbbq2022's ghost, amateur VSFi
D:4 3 runed translucent doors, willcat's ghost, amateur OgGl
D:6 Grinder


Message History

You hit something. Something hits you but does no damage.
The jelly jiggles.
You miss something.
You hear some strange, mumbled words.
A magic dart appears from out of thin air!
The magic dart hits you but does no damage.
The orc priest invokes the aid of Beogh against you.
Beogh smites you!
* * * LOW HITPOINT WARNING * * *
You hit the jelly.
Your hands burn!
* * * LOW HITPOINT WARNING * * *
The jelly is lightly wounded.
You closely miss something.
You hear some strange, mumbled words.
A magic dart appears from out of thin air!
The magic dart hits you but does no damage.
The jelly barely misses you.
You barely miss the jelly.
The jelly is lightly wounded.
You closely miss something. Something hits you but does no damage.
Unknown command.
You slash the jelly!
Your hands burn!
* * * LOW HITPOINT WARNING * * *
The jelly is severely wounded.
You hit something.
The orc priest looks braver for a moment.
The jelly hits you but does no damage.
Unknown command.
You hit the jelly but do no damage.
Your hands burn!
* * * LOW HITPOINT WARNING * * *
The jelly is severely wounded.
You hit something but do no damage.
You hear some strange, mumbled words.
Something tries to affect you, but you resist.
The jelly barely misses you.
You slash the jelly!
You kill the jelly!
Qazlal accepts your kill.
You closely miss something. Something hits you.
You die...

## #.#.#.#.##
..###ยง.#....#
#.(......#
#...)o#######
#..#.#.#.#
##...o##
#........#
#.....
#..###..##
#..### #oZ# #
##o# ## #{#
.## #@# ..##
#.# #..# ..#
##.## ..##
##..# #..
#...# #..
..### #.. .##
#.. ##


You could see an orc priest, an orc and a killer bee zombie.

Vanquished Creatures
  An orc warrior (D:2)
  A centaur (D:7)
  A jelly (D:7)
  A gnoll shaman (D:7)
  A hound (D:2)
  A centaur skeleton (D:4)
  Terence (D:2)
  A killer bee zombie (D:7)
  5 adders
  6 gnolls (D:7)
  An ufetubus (D:3)
  6 orcs
  2 ball pythons (D:3)
  7 endoplasms
  5 giant cockroaches
  4 goblins
  6 hobgoblins
  2 quokkas
  5 bats
  3 frilled lizards
  6 kobolds
  4 rats
70 creatures vanquished.

Notes
Turn   | Place    | Note
-------+----------+-------------------------------------------
     0 | D:1      | fragbeetle the Hill Orc Monk began the quest for the Orb.
     0 | D:1      | Reached XP level 1. HP: 19/19 MP: 1/1
    21 | D:1      | Found a faded altar of an unknown god.
   274 | D:3      | Noticed a hound
   277 | D:3      | Reached XP level 2. HP: 27/27 MP: 2/2
   297 | D:2      | Reached XP level 3. HP: 24/33 MP: 3/3
   404 | D:3      | Learned a level 2 spell: Poisonous Vapours
   491 | D:3      | Reached skill level 5 in Axes
   616 | D:4      | Found a staircase to the Ecumenical Temple.
   617 | D:4      | Noticed an orc warrior
   623 | Temple   | Entered the Ecumenical Temple
  1087 | Temple   | Became a worshipper of Qazlal Stormbringer
  1087 | Temple   | Reached * piety under Qazlal
  1087 | Temple   | Reached ** piety under Qazlal
  1830 | D:2      | Reached XP level 4. HP: 38/40 MP: 4/4
  3608 | D:2      | Noticed Terence
  3628 | D:2      | Killed Terence
  3629 | D:2      | Reached skill level 1 in Poison Magic
  3629 | D:2      | Reached skill level 1 in Invocations
  4008 | D:2      | Killed an orc warrior
  4009 | D:2      | Reached skill level 6 in Axes
  4009 | D:2      | Reached XP level 5. HP: 22/46 MP: 3/6
  4586 | D:3      | Reached XP level 6. HP: 52/52 MP: 7/7
  4712 | D:3      | Found a runed translucent door.
  4712 | D:3      | Noticed sbbq2022's ghost (amateur VSFi)
  4887 | D:4      | Found a runed translucent gate.
  4887 | D:4      | Found a runed translucent gate.
  4887 | D:4      | Found a runed translucent gate.
  4892 | D:4      | Noticed willcat's ghost (amateur OgGl)
  5234 | D:4      | You fall into a shaft and drop 3 floors!
  5283 | D:7      | Reached skill level 7 in Axes
  5542 | D:6      | Noticed Grinder
  5734 | D:7      | Noticed an orc warrior
  5794 | D:7      | Found a radiant altar of Vehumet.
  5976 | D:7      | Reached XP level 7. HP: 35/59 MP: 4/9
  6263 | D:7      | Reached *** piety under Qazlal
  6321 | D:7      | HP: 2/59 [acid (1)]
  6323 | D:7      | Slain by an orc wizard

Illustrated notes

Levels and vault maps discovered:
D:1:      ebering_trefoil_twist, layout_basic, basic_ecumenical_altar
D:2:      layout_basic, uniq_terence
D:3:      layout_rooms, gammafunk_ghost_grave, minmay_misc_feat_x
D:4:      layout_gridville, minmay_temple_entry_sparse_star,
          gammafunk_ghost_necromancy
D:6:      layout_basic, enter_ossuary_2, uniq_grinder
D:7:      layout_layer_cave, mainiacjoe_overflow_alcove_1, serial_glass,
          glass_columns_a, glass_columns_b
Temple:   mainiacjoe_temple_starburst

Skill      XL: |  1  2  3  4  5  6 |
---------------+-------------------+-----
Fighting       | 4 |  4.0
Stealth        | 2 |  2.0
Axes           | 5 6 7 |  7.6
Poison Magic   | 1 2 |  2.5
Invocations    | 2 3 |  3.6
Dodging        | 3 |  3.0

Action                   |  1- 3 |  4- 6 |  7- 9 || total
-------------------------+-------+-------+-------++-------
Melee: Hand axe          |    70 |   233 |    30 ||   333
       Punch             |       |     2 |       ||     2
Throw: Dart              |       |    19 |     1 ||    20
  Use: Scroll            |     1 |     7 |     1 ||     9
       Potion            |       |       |     1 ||     1
Armor: Robe              |     5 |       |       ||     5
       Ring mail         |    13 |    34 |       ||    47
       Chain mail        |       |    99 |    16 ||   115
Dodge: Dodged            |    53 |    80 |    11 ||   144
Block: Other             |     3 |    25 |     4 ||    32

Table legend: (Time is in decaauts)
 A = Elapsed time spent in this place.
 B = Non-inter-level travel time spent in this place.
 C = Inter-level travel time spent in this place.
 D = Time resting spent in this place.
 E = Time spent auto-exploring this place.
 F = Levels seen in this place.
 G = Mean time per level.
                   A        B        C        D        E       F      G
               +--------+--------+--------+--------+--------+-----+--------+
         Total |   6308 |   6068 |    240 |   1131 |   3666 |   7 |  901.1 |
       Dungeon |   5474 |   5234 |    240 |    895 |   3150 |   6 |  912.3 |
        Temple |    834 |    834 |      0 |    236 |    516 |   1 |  834.0 |
               +--------+--------+--------+--------+--------+-----+--------+

Top non-repeatable levels by time:
     D:2: 1998 daAuts
     D:1: 1062 daAuts
     D:7: 1061 daAuts
     D:3: 950 daAuts
  Temple: 834 daAuts
     D:4: 400 daAuts
     D:6: 1 daAuts
